 Dungeon Crawl Stone Soup version 0.17-a0-1534-gf98da79 (webtiles) character file.

196 Econoterrorist the Ruffian (level 5, -13/44 HPs)
             Began as a Naga Transmuter on July 18, 2015.
             Was an Initiate of Cheibriados.
             Mangled by an orc warrior
             ... wielding a +0 trident
              (14 damage)
             ... on level 2 of the Dungeon.
             The game lasted 00:11:36 (3859 turns).

Econoterrorist the Ruffian (Naga Transmuter)        Turns: 3859, Time: 00:11:36

Health: -13/44     AC:  2    Str: 13    XL:     5   Next: 74%
Magic:  6/8        EV: 19    Int: 16    God:    Cheibriados [......]
Gold:   164        SH:  0    Dex: 17    Spells: 2 memorised, 4 levels left

rFire  . . .     SeeInvis +       - Unarmed
rCold  . . .     Clarity  .     (armour currently unavailable)
rNeg   . . .     SustAt   +     (shield currently unavailable)
rPois  x         Gourm    .     (helmet currently unavailable)
rElec  .         Spirit   .     (cloak currently unavailable)
rCorr  .         Warding  .     (gloves currently unavailable)
rMut   .         Stasis   .     (no barding)
MR     .....                    (no amulet)
Stlth  ++........               n - ring of wizardry
                                e - ring of sustain attributes

@: spider-form (expiring), very slow, not resistant to hostile enchantments,
unstealthy
A: see invisible, (deformed body), (poison resistance), (slowness 0), slow
metabolism 1, spit poison 2, AC +1
a: Spit Poison, End Transformation, Bend Time, Renounce Religion


You were on level 2 of the Dungeon.
You worshipped Cheibriados.
Cheibriados was noncommittal.
You were not hungry.
You were a venomous arachnid creature.
You visited 1 branch of the dungeon, and saw 3 of its levels.

You collected 164 gold pieces.

Inventory:

Armour
 b - a +0 robe (melded)
 j - a +0 cloak (melded)
Jewellery
 e - a ring of sustain attributes (left front leg)
 n - a ring of wizardry (right front leg)
 p - an uncursed ring of flight
Magical devices
 t - a wand of frost (13)
 x - a wand of frost (14)
Scrolls
 a - 3 scrolls of remove curse {unknown}
 g - 2 scrolls of magic mapping {unknown}
 i - 2 scrolls of immolation {unknown}
 k - a scroll of amnesia {unknown}
 l - 3 scrolls of identify {unknown}
 s - a scroll of blinking {unknown}
Potions
 h - a potion of flight {unknown}
 m - a potion of beneficial mutation {unknown}
 o - a potion of invisibility {unknown}
 q - a potion of poison {unknown}
 r - a potion of ambrosia {unknown}
 v - a potion of berserk rage {unknown}
 z - a potion of magic {unknown}
Books
 c - a book of Changes

   Spells                             Type                      Level
   a - Beastly Appendage              Transmutation                1
   b - Sticks to Snakes               Transmutation                2
   c - Spider Form                    Transmutation/Poison         3
   d - Ice Form                       Ice/Transmutation            4
   e - Blade Hands                    Transmutation                5
 u - a Fen Folio

   Spells                             Type                      Level
   a - Corpse Rot                     Necromancy                   2
   b - Stone Arrow                    Conjuration/Earth            3
   c - Leda's Liquefaction            Hexes/Earth                  4
   d - Summon Forest                  Summoning/Translocation      5
   e - Hydra Form                     Transmutation                6
   f - Summon Hydra                   Summoning                    7
Comestibles
 d - 3 bread rations
 f - a meat ration


   Skills:
 - Level 1.0 Fighting
 - Level 1.5 Dodging
 - Level 4.8 Unarmed Combat
 - Level 2.0 Spellcasting
 + Level 3.9 Transmutations
 - Level 2.0 Poison Magic


You had 4 spell levels left.
You knew the following spells:

 Your Spells              Type           Power        Failure   Level  Hunger
a - Beastly Appendage     Trmt           ##....       7%          1    #......
b - Spider Form           Trmt/Pois      ##........   17%         3    ###....


Dungeon Overview and Level Annotations

Branches:
Dungeon (3/15)

Altars:
Cheibriados


Innate Abilities, Weirdness & Mutations

You cannot wear boots.
((Your serpentine skin is tough (AC +1).))
You have supernaturally acute eyesight.
((Armour fits poorly on your strangely shaped body.))
((Your system is resistant to poisons.))
((You cover ground very slowly.))
You have a slow metabolism.
You can spit poison.


Message History

The orc warrior closely misses you.
You hit the orc warrior but do no damage.
The orc warrior is moderately wounded.
You hit the orc warrior.
The orc warrior is moderately wounded.
The orc warrior closely misses you.
You closely miss the orc warrior.
The orc warrior is heavily wounded.
The orc warrior closely misses you.
You hit the orc warrior but do no damage.
The orc warrior is heavily wounded.
The orc warrior hits you with a trident!!
* * * LOW HITPOINT WARNING * * *
Drink which item? (? for menu, Esc to quit)
Okay, then.
You hit the orc warrior but do no damage.
The orc warrior is severely wounded.
Your transformation is almost over.
The orc warrior hits you with a trident!
You die...

#....##.###############.
#....##.# ############.
#....##.####.........###
##(.....((...........#
######.###..........#
#.# #..........# #.#
#..).......#
#.###..).......###
###s.............'..
#..o[###.........###
#....# #.........#
###....###.........###
#.......#######.......
#.###.......# #..#####
##.#####.##.####..#####
#...........(.....#....
########.##.####.##....


You could see an orc warrior.

Vanquished Creatures
  An orc priest (D:2)
  An orc wizard (D:2)
  5 adders
  3 oozes
  2 worms (D:3)
  3 ball pythons
  7 goblins
  13 hobgoblins
  9 kobolds
  7 bats
  4 giant cockroaches
  5 giant geckos
  3 giant newts
  11 rats
74 creatures vanquished.

Notes
Turn   | Place    | Note
--------------------------------------------------------------
     0 | D:1      | Econoterrorist the Naga Transmuter began the quest for the Orb.
     0 | D:1      | Reached XP level 1. HP: 18/18 MP: 3/3
   384 | D:1      | Reached XP level 2. HP: 22/25 MP: 5/5
   847 | D:1      | Reached skill level 4 in Unarmed Combat
  1007 | D:1      | Reached XP level 3. HP: 16/31 MP: 6/6
  1012 | D:1      | Learned a level 3 spell: Spider Form
  2058 | D:2      | Reached XP level 4. HP: 29/38 MP: 7/7
  2473 | D:2      | Reached skill level 1 in Poison Magic
  3139 | D:3      | Reached XP level 5. HP: 38/44 MP: 6/8
  3478 | D:3      | Found a snail-covered altar of Cheibriados.
  3512 | D:3      | Became a worshipper of Cheibriados the Contemplative
  3592 | D:3      | Noticed an orc warrior
  3858 | D:2      | HP: 1/44 [orc warrior/trident (18)]
  3859 | D:2      | Mangled by an orc warrior

Vault maps used:
D:1:      dpeg_arrival_snail, minmay_misc_feat_plants
D:2:      first_bread
D:3:      cheibriados_altar_1

Action                   |  1- 3 |  4- 6 || total
-------------------------+-------+-------++-------
Melee: Unarmed           |    95 |   129 ||   224
 Cast: Beastly Appendage |     5 |     6 ||    11
       Spider Form       |       |     4 ||     4
 Abil: Spit Poison       |    10 |     9 ||    19
 Stab: Sleeping          |     1 |     1 ||     2
  Eat: Chunk             |     2 |     4 ||     6
       Beef jerky        |       |     1 ||     1
       Bread ration      |       |     1 ||     1
